[Event "Open Cappelle-la-Grande"]
[Date "2025.02.16"]
[White "Muthaiah AL"]
[Black "Degardin, Sylvain"]
[WhiteElo "2474"]
[BlackElo "2309"]
[Round "2.2.9"]
[Result "1-0"]
[TimeControl "40/5400+30:1800+30"]

1. Nf3 d5 2. c4 e6 3. g3 Nf6 4. Bg2 Be7 5. O-O O-O 6. b3 d4 7. e3 c5 8. Ne5 Qc7 9. f4 Nfd7 10. Nd3 Nc6 11. Na3 Rd8 12. Bb2 a6 13. exd4 cxd4 14. Nc2 Nc5 15. Nxc5 Bxc5 16. d3 Bd7 17. a3 a5 18. Rb1 Rab8 19. Qd2 b5 20. b4 bxc4 21. bxc5 Rxb2 22. Rxb2 c3 23. Qc1 cxb2 24. Qxb2 Rb8 25. Qa2 Ne7 26. Qc4 Nf5 27. c6 Be8 28. Qc5 Rb2 29. Rc1 h5 30. Nxd4 Ne3 31. Bf3 h4 32. Nb5 Rxb5 33. Qxb5 hxg3 34. hxg3 Nf5 35. Qe5 Qb6+ 36. Qc5 Qb2 37. c7 Nd4 38. Rf1 1-0

[Variant "Standard"]
[Site "Europe Echecs"]

[Event "Open Cappelle-la-Grande"]
[Date "2025.02.16"]
[White "Dessyn, Timothee"]
[Black "Eugene, Floryan"]
[WhiteElo "2283"]
[BlackElo "2468"]
[Round "2.2.10"]
[Result "0-1"]
[TimeControl "40/5400+30:1800+30"]

1. d4 Nf6 2. c4 g6 3. Nc3 Bg7 4. e4 d6 5. h3 Nbd7 6. g4 c5 7. Nge2 Qa5 8. Bg2 cxd4 9. Nxd4 Ne5 10. O-O Nxc4 11. Qe2 Ne5 12. f4 Nc6 13. Nb3 Qd8 14. e5 dxe5 15. fxe5 Nd7 16. e6 fxe6 17. Be3 Rf8 18. Rad1 Qc7 19. Qd2 Rxf1+ 20. Rxf1 Nf6 21. Nb5 Qb8 22. g5 Nh5 23. Qf2 Nd8 24. Bd4 e5 25. Rc1 Nc6 26. Be3 a6 27. Rf1 Bf5 28. Na3 e4 29. Bxe4 Qg3+ 30. Qxg3 Nxg3 31. Bxc6+ bxc6 32. Rf3 Ne4 33. Nd4 Nxg5 0-1

[Variant "Standard"]
[Site "Europe Echecs"]

[Event "Open Cappelle-la-Grande"]
[Date "2025.02.16"]
[White "Flom, Gabriel"]
[Black "Fedoryshyn, Ievgenii"]
[WhiteElo "2455"]
[BlackElo "2288"]
[Round "2.2.11"]
[Result "1-0"]
[TimeControl "40/5400+30:1800+30"]

1. d4 d5 2. Nf3 Nf6 3. c4 e6 4. g3 Be7 5. Bg2 O-O 6. O-O dxc4 7. Qc2 a6 8. a4 Bd7 9. Qxc4 Bc6 10. Bg5 a5 11. Nc3 Na6 12. Rfe1 Nb4 13. Rac1 Rc8 14. e4 b6 15. Rcd1 Bb7 16. d5 exd5 17. exd5 h6 18. Bh4 Ba6 19. Nb5 Bxb5 20. axb5 Bc5 21. g4 g5 22. Bg3 Nd7 23. h4 Qf6 24. hxg5 hxg5 25. Qc1 Bd6 26. Nxg5 Bxg3 27. fxg3 Ne5 28. Ne4 Qg6 29. g5 Nbd3 30. Qc3 f5 31. gxf6 Nxe1 32. Rxe1 Rce8 33. Bh3 Ng4 34. Bxg4 Rxe4 35. Be6+ Kh7 36. Rxe4 Qxe4 37. Qxc7+ Kg6 38. Qg7+ Kh5 39. g4+ Kh4 40. Qh6+ Kg3 41. Qh2+ 1-0

[Variant "Standard"]
[Site "Europe Echecs"]

[Event "Open Cappelle-la-Grande"]
[Date "2025.02.16"]
[White "Eugene, Nathael"]
[Black "Petriashvili, Nikoloz"]
[WhiteElo "2276"]
[BlackElo "2450"]
[Round "2.2.12"]
[Result "0-1"]
[TimeControl "40/5400+30:1800+30"]

1. e4 e5 2. Nf3 Nf6 3. Nxe5 d6 4. Nf3 Nxe4 5. c4 Be7 6. d4 O-O 7. Bd3 Nf6 8. O-O Bg4 9. h3 Bh5 10. Nc3 Nc6 11. Be3 d5 12. c5 Re8 13. a3 Bf8 14. g4 Bg6 15. Bxg6 hxg6 16. Bg5 Qd7 17. Bxf6 gxf6 18. b4 Nd8 19. Qd2 Ne6 20. Nh4 Bg7 21. f4 f5 22. gxf5 Nxd4 23. Rad1 c6 24. f6 Qxh3 25. fxg7 Qxh4 26. Qxd4 Qg3+ 27. Kh1 Re3 28. Rd2 Qh3+ 29. Kg1 Rg3+ 30. Kf2 Rf3+ 0-1

[Variant "Standard"]
[Site "Europe Echecs"]

[Event "Open Cappelle-la-Grande"]
[Date "2025.02.16"]
[White "Liu, Casper"]
[Black "Nikolov, Momchil"]
[WhiteElo "2271"]
[BlackElo "2433"]
[Round "2.2.13"]
[Result "1/2-1/2"]
[TimeControl "40/5400+30:1800+30"]

1. d4 Nf6 2. c4 e6 3. g3 c5 4. d5 exd5 5. cxd5 d6 6. Nc3 g6 7. Bg2 Bg7 8. Nf3 O-O 9. O-O Re8 10. Bf4 Na6 11. Re1 Bg4 12. h3 Bxf3 13. Bxf3 Nd7 14. Ne4 Ne5 15. Bg2 h6 16. g4 b5 17. Rc1 Rc8 18. b3 Kh7 19. Bh2 Qe7 20. Qd2 b4 21. f4 Nd7 22. Qd3 c4 23. Rxc4 Rxc4 24. Qxc4 Nac5 25. Nxc5 Qe3+ 26. Kh1 Nxc5 27. Bf3 Ne4 28. Qc1 Qf2 29. Rg1 Qh4 30. Bxe4 Rxe4 31. Qf1 Re3 32. Rg2 Qxh3 33. f5 Be5 34. fxg6+ fxg6 35. Qf7+ Bg7 36. Qf4 Rc3 37. Qxb4 Rc1+ 38. Rg1 Rxg1+ 39. Kxg1 Qe3+ 40. Kf1 Qh3+ 41. Kg1 Qe3+ 42. Kf1 Qh3+ 43. Kg1 Qe3+ 1/2-1/2

[Variant "Standard"]
[Site "Europe Echecs"]

[Event "Open Cappelle-la-Grande"]
[Date "2025.02.16"]
[White "Bournel, Antoine"]
[Black "Terekhov, Andrey"]
[WhiteElo "2432"]
[BlackElo "2265"]
[Round "2.2.14"]
[Result "1/2-1/2"]
[TimeControl "40/5400+30:1800+30"]

1. e4 e5 2. Nf3 Nf6 3. Nxe5 d6 4. Nf3 Nxe4 5. c4 Nc6 6. Nc3 Nxc3 7. dxc3 g6 8. Bg5 Be7 9. Bh6 Bf8 10. Bg5 Be7 11. Bh6 Bf8 12. Bf4 Bg7 13. Qd2 Be6 14. Ng5 Bg4 15. f3 Qe7+ 16. Be2 Bf5 17. g4 Bd7 18. O-O-O h6 19. Ne4 O-O-O 20. Rhe1 f5 21. gxf5 Bxf5 22. Bf1 1/2-1/2

[Variant "Standard"]
[Site "Europe Echecs"]

[Event "Open Cappelle-la-Grande"]
[Date "2025.02.16"]
[White "Daeschler, Florian"]
[Black "Lu, Miaoyi"]
[WhiteElo "2258"]
[BlackElo "2432"]
[Round "2.2.15"]
[Result "1/2-1/2"]
[TimeControl "40/5400+30:1800+30"]

1. e4 e5 2. Nf3 Nc6 3. Bb5 a6 4. Ba4 Nf6 5. O-O Bc5 6. c3 b5 7. Bc2 d5 8. d4 dxe4 9. dxe5 Qxd1 10. Rxd1 exf3 11. exf6 gxf6 12. Be4 Bd7 13. Nd2 O-O-O 14. Nxf3 Rhe8 15. Bxh7 Re2 16.
b4 Bb6 17. Be3 Bxe3 18. fxe3 Rxe3 19.
Rd3 Rde8 20. a4 f5 21. Rxe3 Rxe3 22.
axb5 axb5 23. Ra8+ Kb7 24. Rf8 Be6 25. h4 Rxc3 26. h5 Nxb4 27. h6 Nd3 28. Bg8 Rc1+ 29. Kh2 f4 30. h7 Nf2 31.
Ng1 Ng4+ 32. Kh1 Nf2+ 33. Kh2 Ng4+ 34.
Kh1 1/2-1/2

[Variant "Standard"]
[Site "Europe Echecs"]

[Event "Open Cappelle-la-Grande"]
[Date "2025.02.16"]
[White "Sorensen, Hampus"]
[Black "Kurmangaliyeva, Liya"]
[WhiteElo "2430"]
[BlackElo "2251"]
[Round "2.2.16"]
[Result "1/2-1/2"]
[TimeControl "40/5400+30:1800+30"]

1. d4 d5 2. Bf4 c5 3. e3 Nc6 4. Nf3 Nf6 5. Nbd2 Nh5 6. dxc5 Nxf4 7. exf4 a5 8. a4 g6 9. Bb5 Bg7 10. c3 Qc7 11. Nb3 O-O 12. O-O Qxf4 13. Qxd5 Be6 14. Qd2 Qc7 15. Nbd4 Bd5 16. Be2 Nxd4 17. Nxd4 Qxc5 18. Rfd1 Rfd8 19. Qe3 Qc7 20. Nb5 Qc6 21. Bf1 Bf6 22. Nd4 Qb6 23. Bb5 Qc7 24. Rd2 Be5 25. g3 Bd6 26. Rad1 Bc5 27. Qg5 Kh8 28. Nc2 Bb3 29. Rxd8+ Rxd8 30. Rxd8+ Qxd8 31.
Qxc5 Bxc2 32. Qe5+ Kg8 33. Qe2 Bd1 34. Qe3 Bb3 35. Qe2 Bd1 36. Qe3 Bb3 37. Qe2 Bd1 38. Qe3 Bb3 1/2-1/2

[Variant "Standard"]
[Site "Europe Echecs"]

[Event "Open Cappelle-la-Grande"]
[Date "2025.02.16"]
[White "Bacrot, Alexandre"]
[Black "Le Corre, Benjamin"]
[WhiteElo "2423"]
[BlackElo "2240"]
[Round "2.2.17"]
[Result "1-0"]
[TimeControl "40/5400+30:1800+30"]

1. e4 e5 2. Nf3 Nc6 3. Nc3 Nf6 4. g3 d5 5. exd5 Nxd5 6. Bg2 Nxc3 7. bxc3 Bd6 8. O-O O-O 9. d4 Bg4 10. h3 Bd7 11. Rb1 Rb8 12. Re1 exd4 13. cxd4 Re8 14. Rxe8+ Qxe8 15. Bb2 Na5 16. Bc3 Nc4 17. Qd3 Na3 18. Re1 Qd8 19. Bb2 Qf8 20. Ng5 g6 21. Bd5 Bf5 22. Qb3 Nxc2 23. Bxf7+ Kg7 24. d5+ Kh6 25. Qc4 1-0

[Variant "Standard"]
[Site "Europe Echecs"]

[Event "Open Cappelle-la-Grande"]
[Date "2025.02.16"]
[White "Enchev, Ivajlo"]
[Black "Karthik Venkataraman"]
[WhiteElo "2407"]
[BlackElo "2600"]
[Round "3.3.1"]
[Result "1-0"]
[TimeControl "40/5400+30:1800+30"]

1. d4 Nf6 2. c4 e6 3. Nc3 Bb4 4. Qc2 d5 5. cxd5 exd5 6. Bg5 h6 7. Bxf6 Qxf6 8. a3 Bxc3+ 9. Qxc3 O-O 10. e3 c6 11. Nf3 Bf5 12. Be2 Nd7 13. b4 Bg4 14. O-O Rfe8 15. h3 Bh5 16. Rfc1 Qe7 17. a4 Nf6 18. b5 Ne4 19. Qa3 Qf6 20. bxc6 bxc6 21. Ra2 g5 22. Bd1 Rac8 23. Ne5 Bxd1 24. Rxd1 c5 25. Nd7 Qe7 26. Nxc5 Nxc5 27. dxc5 Qxc5 28. Qd3 Re5 29. Rad2 Qc4 30. Qa3 a5 31. Qd6 Re6 32. Qd7 Rec6 33. Rd4 Qe2 34. Rxd5 Rc1 35. Kh2 Qxf2 36. Rf5 Qa2 37. Rdd5 R1c7 38. Qd6 Rc6 39. Qe7 Rf8 40. Rxf7 Rxf7 41. Qe8+ Kg7 42. Qxc6 Qb3 43. Qe6 Qb8+ 44. Rd6 Kg8 45. Qxh6 g4 46. Qg5+ Rg7 47. Qd8+ Qxd8 48. Rxd8+ Kh7 49. h4 Re7 50. Rd5 Rxe3 51. Rxa5 Kh6 52. Rg5 Re4 53. a5 Ra4 54. Kg3 Ra2 55. Rxg4 Rxa5 56. Rf4 Kh5 57. Kh3 Ra3+ 58. Rf3 Ra4 59. g4+ Kg6 60. h5+ Kg5 61. Rf5+ Kh6 62. Kh4 Ra6 63. Rb5 Ra4 64. Rb6+ Kh7 65. h6 Ra1 66. Kh5 Rh1+ 67. Kg5 Rc1 68. Rb7+ Kh8 69. Kh5 Rc5+ 70. g5 Rc8 71. Rf7 Ra8 72. g6 Ra5+ 73. Kg4 Ra4+ 74. Kg5 Ra8 75. Rf8+ Rxf8 76. g7+ Kh7 77. gxf8=B 1-0

[Variant "Standard"]
[Site "Europe Echecs"]

[Event "Open Cappelle-la-Grande"]
[Date "2025.02.16"]
[White "Belkaid, Sohan"]
[Black "Laurent-Paoli, Pierre"]
[WhiteElo "2370"]
[BlackElo "2565"]
[Round "3.3.2"]
[Result "1/2-1/2"]
[TimeControl "40/5400+30:1800+30"]

1. e4 c5 2. Nf3 Nc6 3. d4 cxd4 4. Nxd4 Nf6 5. Nc3 e5 6. Ndb5 d6 7. Bg5 a6 8. Na3 b5 9. Nd5 Be7 10. Bxf6 Bxf6 11. c3 O-O 12. Nc2 Bg5 13. a4 bxa4 14. Rxa4 Kh8 15. b4 a5 16. Bc4 Rb8 17. O-O axb4 18. cxb4 f5 19. exf5 Bxf5 20. b5 Na5 21. Bd3 Bd7 22. f4 Rxb5 23. Nc3 Rb8 24. fxg5 Bxa4 25. Nxa4 d5 26. Re1 e4 27. Bf1 Nb3 28. Nc3 Qb6+ 29. Ne3 d4 30. Nc4 Qc5 31. Nxe4 Rxf1+ 32. Rxf1 Qxc4 33. Qf3 Kg8 34. Qf5 d3 35. g6 hxg6 36. Qxg6 Rf8 37. Nf6+ Rxf6 38. Rxf6 Qc5+ 39. Rf2 Qc1+ 40.
Rf1 Qe3+ 41. Kh1 d2 42. Qf7+ Kh7 43.
Qf5+ Kh6 44. g4 g6 45. Qf8+ Kg5 46.
Qf6+ Kh6 47. Qh4+ Kg7 48. g5 Qe8 49. Qc4 Qa8+ 50. Kg1 Qa7+ 51. Kg2 Nd4 52. Qc3 Qb7+ 53. Kg3 Qd7 54. Rd1 Qd6+ 55. Kg2 Qd5+ 56. Kf2 Kg8 57. Rxd2 Qf7+ 58. Ke3 Nf5+ 59. Ke2 Kh7 60. Qh3+ Kg7 61. Qc3+ Kh7 62. Rd3 Qe7+ 63. Kf1 Qxg5 64. Rh3+ Nh4 65. Qc7+ Kh6 66. Qg3 Qf5+ 67. Ke2 Qc2+ 68. Kf1 Qf5+ 69. Ke2 Qc2+ 70. Kf1 Qf5+ 1/2-1/2

[Variant "Standard"]
[Site "Europe Echecs"]

[Event "Open Cappelle-la-Grande"]
[Date "2025.02.16"]
[White "Gatineau, Yovann"]
[Black "Iniyan, Pa"]
[WhiteElo "2358"]
[BlackElo "2523"]
[Round "3.3.3"]
[Result "0-1"]
[TimeControl "40/5400+30:1800+30"]

1. Nf3 d5 2. g3 Nf6 3. Bg2 e6 4. O-O Be7 5. c4 O-O 6. d3 c5 7. cxd5 exd5 8. d4 Nc6 9. dxc5 Bxc5 10. a3 a6 11. b4 Ba7 12. Bb2 Re8 13. Nbd2 Qe7 14. e3 Bg4 15. h3 Bh5 16. Nb3 Rad8 17. Nbd4 Nxd4 18. Bxd4 Bb8 19. Rc1 Qe6 20. Qe2 Ne4 21. Rfd1 f6 22. Rc2 g5 23. Rdc1 Bg6 24. Rb2 Bf5 25. Qf1 h5 26. b5 a5 27. b6 Bd6 28. Rb5 Rc8 29. Rxa5 Rxc1 30. Qxc1 Bxh3 31. Qd1 h4 32. Nxh4 gxh4 33. Bxh3 Qxh3 34. Qh5 Rc8 35. Qxd5+ Kf8 36. Bc5 Bxc5 37. Qxe4 Bxa3 38. Rxa3 Rc1# 0-1

[Variant "Standard"]
[Site "Europe Echecs"]

[Event "Open Cappelle-la-Grande"]
[Date "2025.02.16"]
[White "Raja Rithvik R"]
[Black "Travadon, Loic"]
[WhiteElo "2522"]
[BlackElo "2401"]
[Round "3.3.4"]
[Result "0-1"]
[TimeControl "40/5400+30:1800+30"]

1. d4 Nf6 2. c4 e6 3. Nc3 d5 4. cxd5 exd5 5. Bg5 c6 6. e3 Bd6 7. Bd3 h6 8. Bh4 O-O 9. Qc2 Re8 10. Nge2 a5 11. h3 Na6 12. a3 Nc7 13. O-O Ne6 14. Rab1 Bd7 15. b4 axb4 16. axb4 b5 17. f3 Ng5 18. e4 Nfxe4 19. fxe4 Nxh3+ 20. gxh3 Qxh4 21. e5 Bxe5 22. dxe5 Rxe5 23. Rf3 Rg5+ 24. Kf1 Bxh3+ 25. Rxh3 Qxh3+ 26. Ke1 Qe3 27. Kd1 d4 28. Ne4 Ra2 29. Qxa2 Qxd3+ 30. Nd2 Rg2 31.
Qa8+ Kh7 32. Qe8 Rh2 33. Ke1 Rh1+ 34.
Kf2 Qf5+ 35. Kg2 Qh3+ 36. Kf2 Rh2+ 37.
Ke1 d3 38. Qxf7 Rxe2+ 39. Kd1 Qg4 40.
Kc1 Re1+ 41. Kb2 Qxb4+ 0-1

[Variant "Standard"]
[Site "Europe Echecs"]

[Event "Open Cappelle-la-Grande"]
[Date "2025.02.16"]
[White "Yordanov, Lachezar"]
[Black "Boyer, Mahel"]
[WhiteElo "2352"]
[BlackElo "2509"]
[Round "3.3.5"]
[Result "1-0"]
[TimeControl "40/5400+30:1800+30"]

1. d4 Nf6 2. c4 g6 3. Nc3 Bg7 4. e4 d6 5. Be2 O-O 6. Nf3 e5 7. O-O Na6 8. Be3 Qe7 9. Qc2 exd4 10. Nxd4 c6 11. Rfe1 Re8 12. f3 d5 13. cxd5 Nb4 14. Qd2 Nbxd5 15. Nxd5 cxd5 16. Bb5 Bd7 17. e5 Qxe5 18. Bf4 Qh5 19. g4 Rxe1+ 20. Rxe1 Bxg4 21. fxg4 Qxg4+ 22. Bg3 Nh5 23. Ne2 a6 24. Bd3 Re8 25. Kg2 Bf6 26. Rf1 Bg5 27. Qc2 Re3 28. Rf2 Bh4 29. Qc7 Nf6 30. Rf4 Rxe2+ 31. Kf1 Bxg3 32. hxg3 Qh5 33. Rxf6 Qh3+ 34. Kxe2 Qg4+ 35. Ke1 Qxg3+ 36. Qxg3 1-0

[Variant "Standard"]
[Site "Europe Echecs"]

[Event "Open Cappelle-la-Grande"]
[Date "2025.02.16"]
[White "Suleymenov, Alisher"]
[Black "Degraeve, Remy"]
[WhiteElo "2481"]
[BlackElo "2371"]
[Round "3.3.6"]
[Result "0-1"]
[TimeControl "40/5400+30:1800+30"]

1. d4 Nf6 2. c4 e6 3. Nf3 d5 4. g3 Be7 5. Bg2 O-O 6. O-O dxc4 7. Qc2 b5 8. a4 b4 9. Ne5 Qxd4 10. Bxa8 Qxe5 11. Bf3 Ba6 12. Bf4 Qa5 13. Nd2 b3 14. Qc1 Qb4 15. Bxc7 Nd5 16. Bxb8 Rxb8 17. Ne4 h6 18. Rd1 f5 19. Nc3 Nxc3 20. bxc3 Qc5 21. Qf4 Rc8 22. Rab1 Rc7 23. h4 Bf6 24. Qd2 Bc8 25. Kg2 Rd7 26. Qe1 Qe5 27. Rbc1 Kh7 28. e3 Qa5 29. Rxd7 Bxd7 30. Qd2 Qxa4 31. e4 Bc6 32. Qe2 Qb5 33. g4 a5 34. exf5 Bxf3+ 35. Qxf3 Qd5 36. fxe6 Qxf3+ 37. Kxf3 a4 38. Re1 b2 39. g5 Be7 0-1

[Variant "Standard"]
[Site "Europe Echecs"]

[Event "Open Cappelle-la-Grande"]
[Date "2025.02.16"]
[White "Das, Arghyadip"]
[Black "Muthaiah AL"]
[WhiteElo "2350"]
[BlackElo "2474"]
[Round "3.3.7"]
[Result "0-1"]
[TimeControl "40/5400+30:1800+30"]

1. e4 c5 2. Nf3 e6 3. Nc3 Nc6 4. Bb5 Nd4 5. O-O a6 6. Bd3 Nc6 7. b3 d6 8. Bb2 Nf6 9. Re1 e5 10. Nd5 Be7 11. Nxe7 Qxe7 12. c3 O-O 13. Bf1 Bg4 14. h3 Bh5 15. g3 Rad8 16. Bg2 d5 17. exd5 Nxd5 18. d4 cxd4 19. cxd4 e4 20. Qd2 f5 21. Nh2 Bg6 22. f4 Qb4 23. Qf2 Qb6 24. Bf1 Bf7 25. Bc4 Ndb4 26. Bf1 Nxd4 27. Rad1 e3 28. Qxe3 Nf3+ 29. Nxf3 Qxe3+ 30. Rxe3 Rxd1 31. a3 Nc6 32. b4 Bc4 33. Re1 Rxe1 34. Nxe1 Bxf1 35. Kxf1 Re8 36. Kf2 Rd8 37. Ke2 Kf7 38. Nd3 b6 39. Ke3 g6 40. a4 b5 41. a5 Rxd3+ 0-1

[Variant "Standard"]
[Site "Europe Echecs"]

[Event "Open Cappelle-la-Grande"]
[Date "2025.02.16"]
[White "Eugene, Floryan"]
[Black "Akhvlediani, Irakli"]
[WhiteElo "2468"]
[BlackElo "2369"]
[Round "3.3.8"]
[Result "1/2-1/2"]
[TimeControl "40/5400+30:1800+30"]

1. e4 c5 2. Nf3 d6 3. Bb5+ Nd7 4. O-O a6 5. Bxd7+ Bxd7 6. c3 Nf6 7. Re1 Bg4 8. h3 Bh5 9. d4 cxd4 10. cxd4 e6 11. Qb3 Rb8 12. d5 e5 13. Be3 Bxf3 14. Bb6 Qd7 15. Qxf3 Be7 16. Nd2 O-O 17. Nc4 Rfc8 18. Qb3 Bd8 19. Rac1 Bxb6 20. Nxb6 Rxc1 21. Rxc1 Qd8 22. Rc4 Nd7 23. Nxd7 Qxd7 24. Qc2 g6 25. a4 Kg7 26. Rc7 Qd8 27. g3 a5 28. Qc3 h5 29. h4 b5 30. Qxa5 Ra8 31. Qb6 Rc8 32. Rc6 Qxb6 33. Rxb6 bxa4 34. Kg2 Rc2 35. Kf3 Kf8 36. Ke3 Ke7 37. Rb4 a3 38. Rb7+ Ke8 39. bxa3 Rc3+ 40. Ke2 Rxa3 1/2-1/2

[Variant "Standard"]
[Site "Europe Echecs"]

[Event "Open Cappelle-la-Grande"]
[Date "2025.02.16"]
[White "Mueer, Sebastian"]
[Black "Flom, Gabriel"]
[WhiteElo "2219"]
[BlackElo "2455"]
[Round "3.3.9"]
[Result "1/2-1/2"]
[TimeControl "40/5400+30:1800+30"]

1. d4 Nf6 2. c4 e6 3. Nf3 d5 4. Nc3 Bb4 5. Qa4+ Nc6 6. e3 O-O 7. Qc2 Re8 8. Bd2 a6 9. Be2 b6 10. a3 Bf8 11. O-O Bb7 12. b4 h6 13. Rfd1 dxc4 14. Bxc4 Rc8 15. Bc1 Nb8 16. e4 c5 17. bxc5 bxc5 18. d5 exd5 19. Rb1 Qc7 20. exd5 Bd6 21. Qb3 Ba8 22. h3 Rcd8 23. Nh4 Bh2+ 24. Kh1 Bf4 25. Bb2 Qe7 26. Ng6 Qd6 27. Nxf4 Qxf4 28. Kg1 Qf5 29. d6 Qg6 30. Bf1 Nc6 31. Na4 Ne4 32. Qc2 Nd4 33. Bxd4 cxd4 34. Rxd4 Rxd6 35. Rxd6 Qxd6 36. Nb6 Nd2 37. Nc4 Nxc4 38. Qxc4 Qxa3 39. Qxa6 1/2-1/2

[Variant "Standard"]
[Site "Europe Echecs"]

[Event "Open Cappelle-la-Grande"]
[Date "2025.02.16"]
[White "Petriashvili, Nikoloz"]
[Black "Zylka, Stanislaw"]
[WhiteElo "2450"]
[BlackElo "2346"]
[Round "3.3.10"]
[Result "1-0"]
[TimeControl "40/5400+30:1800+30"]

1. Nf3 d5 2. g3 Nc6 3. d4 Bf5 4. a3 e6 5. Bg2 Nf6 6. c4 dxc4 7. Qa4 Be7 8. Qxc4 O-O 9. O-O Rc8 10. Rd1 Qd5 11. Nbd2 Rfd8 12. e3 Qxc4 13. Nxc4 Bc2 14. Re1 Be4 15. b3 h6 16. Bb2 Nb8 17. b4 Nbd7 18. Ncd2 Bh7 19. Nb3 Nb6 20. Rac1 Na4 21. Ba1 c6 22. Nfd2 Nd5 23. Na5 Rb8 24. Ndb3 Kf8 25. Bf3 Bd3 26. Kg2 Bb5 27. Rc2 Bd3 28. Rd2 Bb5 29. Rc1 Rdc8 30. e4 Nf6 31. Nc4 Rd8 32. h4 Nd7 33. Ne3 Nf6 34. Na5 Rdc8 35. d5 cxd5 36. Rxc8+ Rxc8 37. exd5 b6 38. Nc6 Nxd5 39. Nxa7 Nxe3+ 40. fxe3 Rc1 41. Nxb5 Rxa1 42. Bd1 Nb2 43. Bb3 Bf6 44. Nd4 e5 45. Nf5 e4 46. Rd7 Nd3 47. Rxf7+ Ke8 48. Nd6+ Kd8 49. Be6 Ne5 50. Ra7 Re1 51. a4 h5 52. Nxe4 Rxe3 53. Nxf6 gxf6 54. Bf7 Re2+ 55. Kf1 Re3 56. Bxh5 Rxg3 57. Be2 Rh3 58. h5 f5 59. Kg2 Rh4 60. Kg3 Re4 61. Kf2 Rf4+ 62. Kg2 Re4 63. Kf1 Rf4+ 64. Ke1 Rh4 65. a5 bxa5 66. bxa5 f4 67. a6 f3 68. Bb5 Rxh5 69. Rg7 Rh1+ 70. Kf2 Ra1 71. a7 Kc8 72. Ke3 Ra3+ 73. Kd4 Ra5 74. Ke3 Ra3+ 75. Kf4 Ra5 76. Kg3 Ra3 77. Re7 Ng6 78. Rh7 Ne5 79. Kf4 Ra5 80. Ke3 Ra3+ 81. Kd4 Ra5 82. Kc3 f2 83. Bf1 Nc6 84. Bh3+ Kd8 85. a8=Q+ Rxa8 86. Rh8+ 1-0

[Variant "Standard"]
[Site "Europe Echecs"]

[Event "Open Cappelle-la-Grande"]
[Date "2025.02.16"]
[White "Orieux, Etienne"]
[Black "Bacrot, Alexandre"]
[WhiteElo "2197"]
[BlackElo "2423"]
[Round "3.3.11"]
[Result "0-1"]
[TimeControl "40/5400+30:1800+30"]

1. e4 d6 2. d4 Nf6 3. Nd2 e5 4. c3 Nbd7 5. Ngf3 Be7 6. Bd3 c6 7. O-O O-O 8. Re1 Re8 9. Nf1 Qc7 10. Ng3 Nf8 11. a4 b6 12. h3 Bd7 13. b3 Rad8 14. Qc2 h6 15. Bb2 Ng6 16. c4 a5 17. Rad1 Bf8 18. Bf1 Bc8 19. Rd2 exd4 20. Bxd4 Nd7 21. Be3 Nc5 22. Nd4 Be7 23. Qd1 Bf6 24. Qc2 Be5 25. Ndf5 Kh8 26. Bd4 Bxd4 27. Rxd4 Bxf5 28. Nxf5 d5 29. cxd5 cxd5 30. Red1 dxe4 31. Nd6 Rxd6 32. Rxd6 Ne5 33. Bb5 Re7 34. Rd8+ Kh7 35. f3 Re6 36. Be2 Rg6 37. fxe4 Qe7 38. Kh1 Qg5 39. Bc4 Qh4 40. Qe2 Nxe4 41. R8d4 Nf2+ 0-1

[Variant "Standard"]
[Site "Europe Echecs"]

[Event "Open Cappelle-la-Grande"]
[Date "2025.02.16"]
[White "Abergel, Thal"]
[Black "Feryn, Benjamin"]
[WhiteElo "2419"]
[BlackElo "2228"]
[Round "3.3.12"]
[Result "1-0"]
[TimeControl "40/5400+30:1800+30"]

1. d4 g6 2. e4 Bg7 3. Nc3 d5 4. exd5 Nf6 5. Bb5+ Nbd7 6. Nge2 O-O 7. O-O Nb6 8. h3 Nbxd5 9. Nxd5 Nxd5 10. c3 e6 11. Re1 Bd7 12. Bc4 Bc6 13. Ng3 Re8 14. Bb3 e5 15. c4 Nf4 16. d5 Bd7 17. c5 Qh4 18. Qf3 c6 19. d6 Kh8 20. Bd2 f5 21. Rad1 Ne6 22. Bxe6 Bxe6 23. Bc3 Bd7 24. b4 Re6 25. Qe2 Rf8 26. Nf1 e4 27. Qb2 Bxc3 28. Qxc3+ Kg8 29. Qa3 a6 30. Nd2 Rfe8 31. Qb3 Kg7 32. Nc4 Qf6 33. Nb6 Rd8 34. Rd2 f4 35. Rde2 e3 36. fxe3 Rxe3 37. Nxd7 Rxd7 38. Rxe3 fxe3 39. Qxe3 1-0

[Variant "Standard"]
[Site "Europe Echecs"]

[Event "Open Cappelle-la-Grande"]
[Date "2025.02.16"]
[White "Pranesh M"]
[Black "Pucher, Sebastien"]
[WhiteElo "2586"]
[BlackElo "2224"]
[Round "3.3.13"]
[Result "1-0"]
[TimeControl "40/5400+30:1800+30"]

1. e4 Nf6 2. e5 Nd5 3. d4 d6 4. Nf3 dxe5 5. dxe5 Bg4 6. h3 Bxf3 7. Qxf3 e6 8. a3 Nd7 9. Qg3 Ne7 10. Nd2 Nf5 11. Qc3 c6 12. Nf3 Be7 13. Be2 h5 14. b4 a5 15. Rb1 axb4 16. axb4 Nb6 17. O-O Nd5 18. Qc4 O-O 19. Bd2 Qd7 20. Bd3 b5 21. Qe4 g6 22. g4 Ng7 23. Kh1 Ra4 24. gxh5 Nxh5 25. Rg1 Bxb4 26. Bxb4 c5 27. Qh4 Rxb4 28. Rxb4 cxb4 29. Qxh5 Nf4 30. Qh6 Nxd3 31. Ng5 Nxf2+ 32. Kh2 Rc8 33. Qh7+ Kf8 34. Qh8+ Ke7 35. Qf6+ Ke8 36. Qxf2 Qc7 37. Kh1 1-0

[Variant "Standard"]
[Site "Europe Echecs"]

[Event "Open Cappelle-la-Grande"]
[Date "2025.02.16"]
[White "Girel, Joseph"]
[Black "Saad, Gabriel"]
[WhiteElo "2484"]
[BlackElo "2220"]
[Round "3.3.14"]
[Result "1-0"]
[TimeControl "40/5400+30:1800+30"]

1. d4 Nf6 2. c4 g6 3. Nc3 Bg7 4. e4 O-O 5. Nf3 c5 6. d5 d6 7. h3 e6 8. Bd3 exd5 9.
cxd5 b5 10. Nxb5 Nxe4 11. Bxe4 Re8 12.
Ng5 h6 13. Ne6 Bxe6 14. dxe6 Rxe6 15.
O-O Rxe4 16. Qd5 Rb4 17. Qxa8 Rxb5 18.
Rd1 Bd4 19. Qxa7 Kg7 20. Qa4 Rb4 21. Qc2 Nc6 22. Rb1 Qf6 23. b3 c4 24. Be3 Bxe3 25. fxe3 Ne5 26. Rf1 Qg5 27. Qc3 Rb6 28. bxc4 Ra6 29. a3 Ra7 30. Rf4 Kh7 31. Kh1 Qg3 32. c5 Rc7 33. c6 g5 34. Rd4 Rxc6 35. Qe1 Qxe1+ 36. Rxe1 Ra6 37. a4 Kg6 38. Ra1 Kf5 39. a5 Ke6 40. Rb4 Nd7 41. Rb5 f5 42. Kg1 h5 43. g3 g4 44. h4 Ne5 45. Rb6 Ra8 46. a6 Rc8 47. a7 Kd5 1-0

[Variant "Standard"]
[Site "Europe Echecs"]

[Event "Open Cappelle-la-Grande"]
[Date "2025.02.16"]
[White "Kurmangaliyeva, Liya"]
[Black "Prraneeth Vuppala"]
[WhiteElo "2251"]
[BlackElo "2442"]
[Round "3.3.15"]
[Result "1/2-1/2"]
[TimeControl "40/5400+30:1800+30"]

1. e4 c5 2. Nf3 d6 3. d4 cxd4 4. Nxd4 Nf6 5. Nc3 a6 6. h3 e5 7. Nb3 Be7 8. g4 h6 9. Be3 Be6 10. Qf3 Nbd7 11. O-O-O Rc8 12. Nd5 Bxd5 13. exd5 Nb6 14. Kb1 Nc4 15. Bc1 Nd7 16. Qe4 Nf6 17. Qe2 Nd7 18. Qe4 Nf6 19. Qg2 a5 20. h4 Qc7 21. Bd3 e4 22. Bxe4 Nxe4 23. Qxe4 O-O 24. g5 Rfe8 25. Rde1 a4 26. Nd4 Qb6 27. Qd3 Ne5 28. Qd1 Nc4 29. Rh3 h5 30. f4 Bf8 31. Rxe8 Rxe8 32. g6 fxg6 33. Ne6 Be7 34. Rc3 Nxb2 35. Bxb2 Bf6 36. Qd3 Qg1+ 37. Bc1 Qb6+ 38. Bb2 Qg1+ 39. Bc1 Qb6+ 40. Bb2 1/2-1/2

[Variant "Standard"]
[Site "Europe Echecs"]

[Event "Open Cappelle-la-Grande"]
[Date "2025.02.16"]
[White "Duboue, Peio"]
[Black "Wacker, Peter"]
[WhiteElo "2440"]
[BlackElo "2207"]
[Round "3.3.16"]
[Result "1-0"]
[TimeControl "40/5400+30:1800+30"]

1. e4 c5 2. c3 Nf6 3. e5 Nd5 4. d4 cxd4 5. Nf3 Nc6 6. cxd4 d6 7. Bc4 Nb6 8. Bb5 dxe5 9. Nxe5 Bd7 10. Nxd7 Qxd7 11. Nc3 e6 12. O-O a6 13. Bxc6 Qxc6 14. Be3 Nd5 15. Qg4 Nf6 16. Qg3 Bd6 17. d5 exd5 18. Bf4 Bxf4 19. Rfe1+ Ne4 20. Qxg7 Bxh2+ 21. Kxh2 Qd6+ 22. Kg1 O-O-O 23. Nxe4 dxe4 24. Qxf7 Rhe8 25.
Qc4+ Qc6 26. Rac1 Qxc4 27. Rxc4+ Kb8 28.
Rcxe4 Rxe4 29. Rxe4 Rd2 30. Rb4 Kc7 31. a4 Kc6 32. a5 Kc7 33. Rb6 1-0

[Variant "Standard"]
[Site "Europe Echecs"]

[Event "Open Cappelle-la-Grande"]
[Date "2025.02.16"]
[White "Nikolov, Momchil"]
[Black "Ciarletta, Ulysse"]
[WhiteElo "2433"]
[BlackElo "2201"]
[Round "3.3.17"]
[Result "1-0"]
[TimeControl "40/5400+30:1800+30"]

1. e4 c5 2. Nf3 Nc6 3. Bb5 e6 4. Bxc6 bxc6 5. d3 Ne7 6. Nbd2 Ng6 7. h4 h5 8. e5 f6 9. Qe2 Kf7 10. Nc4 d5 11. exd6 Bxd6 12. Nfd2 Be7 13. Ne4 Qd5 14. Bd2 e5 15. O-O-O Be6 16. g3 Nf8 17. Ncd6+ Bxd6 18. c4 Bg4 19. f3 Qe6 20. fxg4 hxg4 21. Be3 Nd7 22. Nxd6+ Qxd6 23. Qxg4 Nf8 24. h5 Qd7 25. Qe4 Ne6 26. g4 Ke7 27. g5 Raf8 28. gxf6+ gxf6 29. h6 Kd8 30. Rdg1 Kc7 31. Rg6 Rf7 32. Rxf6 Re7 33. Qxe5+ Kb7 34. Bxc5 Nxc5 35. Qxc5 Rhe8 36. Qd6 Qg4 37.
Qxc6+ Kb8 38. Qf3 Qd7 39. Rf8 Rxf8 40.
Qxf8+ 1-0

[Variant "Standard"]
[Site "Europe Echecs"]